Map: [ESL] Moondance

Players

Serral - Winner!

  • Race: Zerg Zerg
  • Spawn Location: 12:00

Clem

  • Race: Terran Terran
  • Spawn Location: 6:00

Event: DreamHack SC2 Masters 2022 Atlanta (Online)

VOD

Have the link to the VOD?

Description

Time

  • Played on: Oct. 11, 2022, 2:38 p.m.
  • Length: 12:48

All games in this series

Show
View Real Time Build Order
Export as new Build Order

Serral Zerg - Winner!

Build Orders: Pool First 

Get SALT Encoding   

  12  0:00  Drone  
  13  0:11  Overlord  
  13  0:16  Drone  
  14  0:30  Drone x2  
  14  0:33  Drone  
  17  0:43  Spawning Pool  
  17  0:46  Drone  
  17  1:07  Hatchery  
  17  1:10  Drone  
  17  1:12  Drone  
  17  1:17  Drone  
  19  1:30  Zergling x2, Queen  
  22  1:37  Overlord  
  22  1:53  Hatchery  
  21  1:57  Drone  
  21  1:59  Drone  
  23  2:07  Queen  
  25  2:11  Drone  
  26  2:19  Drone  
  26  2:21  Drone  
  28  2:24  Queen  
  31  2:30  Drone  
  31  2:32  Drone  
  31  2:35  Extractor  
  31  2:37  Overlord  
  31  2:39  Drone  
  31  2:41  Drone  
  31  2:43  Drone  
  34  2:46  Drone  
  35  2:58  Drone x2  
  37  3:00  Queen  
  37  3:05  Queen, Drone  
  42  3:12  Drone x2  
  44  3:16  Overlord  
  44  3:17  Drone x2  
  46  3:20  Drone  
  46  3:23  Drone x2  
  49  3:29  Roach Warren  
  49  3:30  Drone  
  48  3:37  Drone x3  
  48  3:40  Extractor  
  50  3:41  Queen  
  50  3:44  Overlord  
  52  3:50  Drone x3  
  52  3:55  Overlord  
  55  3:58  Drone x2, Overlord  
  57  4:04  Drone  
  57  4:06  Overlord  
  57  4:09  Drone x3  
  61  4:14  Overlord  
  61  4:16  Drone x2  
  63  4:19  Drone x3  
  66  4:25  Lair  
  66  4:27  Extractor  
  65  4:31  Drone x3  
  65  4:37  Hatchery, Evolution Chamber  
  67  4:38  Drone  
  67  4:39  Drone  
  67  4:41  Drone  
  67  4:42  Drone  
  67  4:44  Extractor  
  67  4:45  Drone x2  
  71  4:48  Drone x3  
  71  4:52  Overlord  
  74  4:53  Extractor  
  74  4:55  Roach  
  74  4:56  Roach  
  77  5:01  Overlord  
  77  5:02  Evolution Chamber  
  77  5:03  Roach x2  
  80  5:08  Roach x2  
  80  5:09  Roach  
  80  5:12  Roach x2  
  90  5:18  Roach x3  
  96  5:21  Zerg Ground Armor Level 1  
  96  5:24  Glial Reconstitution  
  96  5:27  Drone x2  
  98  5:28  Zerg Missile Weapons Level 1  
  98  5:32  Overlord  
  98  5:33  Drone x2  
  100  5:36  Overlord  
  100  5:40  Overlord  
  100  5:43  Overlord  
  100  5:45  Overlord  
  100  5:49  Drone x2  
  102  5:54  Baneling Nest  
  102  5:55  Drone  
  102  5:56  Infestation Pit  
  101  6:00  Drone x7  
  106  6:06  Queen  
  106  6:08  Drone x3  
  106  6:09  Metabolic Boost  
  111  6:13  Overlord  
  111  6:14  Drone  
  111  6:16  Roach x2  
  116  6:19  Roach x2  
  116  6:24  Drone  
  120  6:29  Roach x4  
  120  6:32  Spore Crawler  
  126  6:35  Drone  
  126  6:37  Drone x2  
  126  6:39  Drone  
  126  6:40  Drone  
  126  6:47  Drone x4, Centrifugal Hooks  
  128  6:53  Zergling x2  
  128  6:54  Zergling x10  
  136  7:01  Hive  
  136  7:02  Drone, Extractor  
  136  7:04  Ravager x3  
  136  7:07  Zergling x12  
  145  7:10  Overlord  
  145  7:11  Overlord  
  145  7:13  Overlord  
  145  7:14  Overlord  
  145  7:17  Drone, Extractor  
  145  7:18  Drone x2  
  145  7:19  Drone  
  145  7:22  Overlord  
  148  7:24  Zergling x6  
  148  7:26  Zerg Melee Weapons Level 1  
  148  7:29  Zerg Ground Armor Level 2  
  151  7:36  Zergling x16  
  159  7:38  Drone  
  159  7:43  Overlord  
  160  7:46  Zergling x16  
  160  7:49  Overlord  
  168  7:54  Hatchery  
  165  8:01  Baneling  
  165  8:02  Baneling x6  
  165  8:03  Zergling x12  
  170  8:13  Viper x2  
  170  8:15  Adrenal Glands  
  170  8:18  Zergling x18  
  184  8:27  Ultralisk Cavern  
  184  8:31  Zergling x20  
  187  8:39  Drone x3  
  187  8:41  Drone  
  191  8:42  Spore Crawler  
  191  8:45  Drone  
  191  8:47  Zergling x12  
  197  8:51  Drone  
  197  8:56  Baneling  
  197  8:57  Baneling x8  
  197  8:58  Zergling x4  
  197  9:01  Baneling x15  
  199  9:14  Baneling x11  
  199  9:15  Zergling x2  
  199  9:21  Chitinous Plating  
  199  9:22  Zerg Melee Weapons Level 2  
  199  9:29  Hatchery  
  198  9:35  Zergling x6  
  200  9:40  Baneling x6  
  189  9:49  Zergling x32  
  189  9:50  Zergling x6  
  183  9:53  Zergling x22  
  183  9:57  Baneling x4  
  192  10:04  Zergling x4, Ultralisk  
  200  10:13  Zergling x14  
  198  10:21  Drone  
  182  10:24  Ultralisk x3  
  198  10:36  Hatchery  
  198  10:38  Baneling x7  
  198  10:40  Anabolic Synthesis  
  198  10:41  Zergling x6  
  200  10:49  Baneling x6, Overseer  
  200  10:53  Pneumatized Carapace  
  200  11:11  Baneling x5  
  199  11:19  Drone  
  197  11:30  Zergling x10  
  195  11:38  Zergling x24  
  195  11:39  Zergling x22  
  193  11:46  Zergling x24  
  192  12:00  Baneling  
  192  12:01  Baneling x23  
  184  12:10  Zergling x26  
  184  12:11  Zergling x10  
  185  12:16  Zergling x30  
  200  12:23  Spire  
  200  12:24  Baneling x14  
  200  12:25  Overseer  
  200  12:28  Zergling x2  
Show
View Real Time Build Order
Export as new Build Order

Clem Terran 

Build Orders:  

Get SALT Encoding   

  12  0:00  SCV  
  13  0:12  SCV  
  14  0:16  Supply Depot  
  14  0:24  SCV  
  15  0:38  SCV  
  15  0:39  Barracks  
  15  0:42  Refinery  
  16  0:50  SCV  
  17  1:02  SCV  
  18  1:14  SCV  
  20  1:25  Reaper  
  20  1:26  Orbital Command  
  20  1:38  Command Center  
  20  1:46  Supply Depot  
  20  1:52  SCV  
  21  1:57  Marine  
  22  2:04  SCV  
  23  2:09  Factory  
  23  2:16  SCV  
  23  2:19  Barracks Reactor  
  24  2:28  SCV  
  25  2:37  Command Center  
  25  2:40  SCV  
  26  2:50  Orbital Command  
  26  2:55  SCV  
  27  2:59  Barracks  
  27  3:04  Hellion  
  29  3:07  Hellion  
  29  3:10  SCV  
  32  3:13  Barracks Tech Lab  
  32  3:16  SCV  
  33  3:21  Refinery  
  33  3:22  SCV  
  34  3:29  SCV  
  34  3:32  Stimpack, Marine  
  36  3:34  SCV  
  36  3:41  SCV  
  38  3:46  Starport  
  38  3:47  SCV  
  39  3:49  Orbital Command  
  39  3:53  SCV, Marine x3  
  39  3:54  Factory Reactor  
  43  3:59  SCV  
  43  4:00  Supply Depot  
  44  4:05  SCV  
  45  4:10  Marine  
  45  4:11  SCV, Marine  
  45  4:13  Marine  
  45  4:15  SCV  
  50  4:17  SCV  
  50  4:23  SCV  
  51  4:24  Supply Depot  
  51  4:28  Marine  
  51  4:29  SCV, Marine  
  51  4:30  Orbital Command  
  51  4:31  Marine  
  54  4:35  SCV  
  54  4:37  Medivac x2  
  60  4:39  Factory Tech Lab  
  60  4:40  Barracks  
  60  4:41  SCV  
  60  4:44  Refinery x2  
  61  4:46  Marine  
  61  4:47  SCV  
  61  4:48  Supply Depot  
  63  4:53  SCV  
  63  4:54  Engineering Bay x2  
  63  4:56  SCV, Marine x2  
  63  4:59  SCV  
  68  5:04  Marine  
  68  5:05  SCV  
  70  5:09  SCV  
  70  5:10  Supply Depot  
  70  5:11  SCV, Combat Shield  
  70  5:13  Marine x2  
  74  5:17  SCV  
  74  5:21  SCV, Terran Infantry Armor Level 1, Terran Infantry Weapons Level 1  
  76  5:26  SCV  
  76  5:28  Barracks Reactor  
  77  5:30  Command Center  
  77  5:33  SCV x2  
  77  5:35  Marine x2  
  80  5:38  Siege Tank  
  80  5:42  SCV  
  84  5:43  Supply Depot, Marine  
  82  5:50  SCV x2  
  82  5:52  Marine  
  82  5:54  SCV  
  82  5:56  Barracks, Marine  
  82  5:57  Refinery, Barracks  
  87  6:00  Supply Depot  
  87  6:01  Marine  
  87  6:03  SCV  
  87  6:04  Medivac  
  91  6:07  Medivac  
  91  6:08  Marine x2  
  91  6:10  SCV, Marine  
  97  6:12  SCV  
  97  6:14  Supply Depot  
  97  6:16  Siege Tank  
  101  6:21  SCV  
  101  6:24  Supply Depot  
  102  6:26  Armory  
  102  6:27  Marine x2  
  102  6:28  SCV  
  102  6:30  Marine  
  102  6:31  SCV  
  107  6:33  SCV  
  106  6:40  SCV  
  106  6:43  SCV  
  106  6:44  Marine  
  106  6:45  SCV  
  106  6:46  Barracks Reactor, Barracks Tech Lab, Marine  
  106  6:47  Marauder, Marine  
  110  6:52  SCV, Siege Tank  
  115  6:55  SCV, Marine  
  115  6:58  SCV  
  115  7:00  Factory, Planetary Fortress  
  118  7:02  Marine  
  118  7:04  Refinery  
  118  7:06  SCV, Marauder  
  118  7:07  Refinery  
  118  7:08  Marine  
  122  7:09  Marine  
  122  7:11  Marine  
  122  7:13  Marine  
  122  7:15  SCV  
  126  7:20  Marine  
  126  7:21  SCV, Terran Infantry Weapons Level 2  
  128  7:25  Terran Infantry Armor Level 2  
  128  7:26  Marine  
  128  7:27  Marine x2  
  128  7:28  SCV, Marauder  
  134  7:31  SCV  
  134  7:32  Supply Depot, Marine  
  134  7:33  SCV, Marine  
  134  7:34  Marauder  
  140  7:45  Supply Depot, Factory Tech Lab  
  140  7:46  Supply Depot x2  
  140  7:51  Terran Vehicle Weapons Level 1  
  140  7:53  SCV, Siege Tank, Marine x4  
  140  7:54  Barracks  
  140  7:56  Barracks  
  147  8:01  Barracks  
  147  8:05  Marine  
  148  8:06  Supply Depot, Marine x2  
  148  8:08  SCV x3  
  148  8:11  SCV  
  154  8:15  Sensor Tower  
  154  8:18  Siege Tank  
  157  8:24  Command Center  
  156  8:29  Siege Tank, Marine  
  156  8:33  Marine  
  158  8:34  Marine x2  
  158  8:35  Marine x2  
  158  8:36  Marauder  
  158  8:39  Supply Depot  
  158  8:40  Medivac  
  158  8:41  Medivac  
  168  8:42  Marine x2  
  170  8:49  Supply Depot  
  170  8:50  Ghost Academy  
  170  8:51  Missile Turret  
  170  8:54  Missile Turret  
  170  8:55  Siege Tank  
  173  8:57  Barracks Tech Lab  
  173  8:58  Supply Depot  
  173  8:59  Marauder  
  173  9:01  Marauder  
  177  9:04  Marine  
  177  9:06  Siege Tank  
  181  9:10  Marine x2  
  181  9:11  Marine x2  
  183  9:21  Command Center  
  183  9:22  Medivac  
  185  9:27  Siege Tank  
  185  9:28  Marauder, Marine  
  185  9:29  Marine x2  
  192  9:32  Barracks Tech Lab x2  
  192  9:33  Marine x2  
  192  9:37  Sensor Tower  
  193  9:41  Missile Turret, Siege Tank  
  193  9:42  Missile Turret  
  190  9:47  Marine x2  
  190  9:48  Medivac, Marine  
  190  9:49  Marine  
  168  9:54  Marine  
  168  9:55  Terran Infantry Weapons Level 3  
  168  9:59  Siege Tank, Marine  
  173  10:06  Medivac  
  175  10:13  Marine x2  
  165  10:18  Medivac  
  165  10:20  Siege Tank, Marine x3  
  150  10:21  Marauder x2, Ghost x2  
  150  10:22  Marine  
  150  10:24  Terran Vehicle Weapons Level 2  
  150  10:27  Planetary Fortress  
  154  10:29  Marine  
  155  10:36  Medivac  
  155  10:37  SCV x3  
  155  10:40  Refinery  
  160  10:42  Orbital Command  
  160  10:43  Refinery  
  160  10:48  Siege Tank  
  160  10:49  Ghost  
  163  10:55  Missile Turret  
  163  10:56  Ghost  
  165  10:57  Marine  
  165  10:58  SCV  
  165  11:00  SCV  
  170  11:04  SCV, Missile Turret x2  
  170  11:05  SCV x2  
  170  11:06  Sensor Tower  
  170  11:11  Siege Tank, Ghost  
  176  11:14  Personal Cloaking  
  178  11:20  Command Center  
  178  11:25  Ghost x2  
  179  11:27  Marauder  
  179  11:28  Marauder  
  179  11:32  Marine  
  152  11:33  Marine  
  152  11:34  Marine x4  
  140  11:40  Marauder  
  133  11:47  Siege Tank  
  133  11:48  Marine  
  133  11:49  Marauder, Marine  
  133  11:51  Marine  
  133  11:52  Marine x3  
  133  11:53  SCV x3  
  130  11:54  Marauder x2  
  130  11:58  SCV, Orbital Command  
  132  12:02  Marauder  
  132  12:05  SCV, Marine  
  132  12:06  Marine  
  119  12:19  Marine  
  119  12:20  Marine  
  119  12:22  SCV x2  
  123  12:24  SCV  
  123  12:29  SCV  
  125  12:34  SCV x2  
Tags
 
Add a new tag
Caveats
  • Supply blocks, unpowered buildings, or Contaminate may cause inaccurate times.
  • Supply counts are checked every 10 seconds.